AoeStats
← mathdevils

Arena

507859387Analyzed
3v3 RM · 12d ago on Sep 20, 2026· 60m 7s· 6 players
Game mode
Random Map
Map size
Normal (6 player)
Population
200
Speed
Normal
Resources
Standard
Victory
Conquest
Starting age
Dark Age
Ending age
Imperial Age
RankedLock teamsTeams togetherTeam positionsShared explorationLock speedFull tech treeHidden civsTurbo modeCheats
Victory
Defeat
🇨🇦 Goths · Canada
827
+13
🇨🇦 Franks · Canada
808
+13
🇨🇦 Burgundians · Canada
774
+15
🇧🇷 Vietnamese · Brazil
810
-16
🇨🇴 Hindustanis · Colombia
763
-14
🇧🇷 Franks · Brazil
672
-11
sergiorh300
0:43 Loom
10:31 Feudal Age
11:19 Double-Bit Axe
11:26 Gold Mining
11:18 Horse Collar
19:01 Castle Age
17:46 Forging
18:37 Scale Barding Armor
22:44 Heavy Plow
22:49 Stone Mining
28:44 Iron Casting
32:18 Bloodlines
32:09 Husbandry
36:04 Fletching
Daniel
10:20 Feudal Age
12:14 Double-Bit Axe
19:31 Castle Age
17:56 Fletching
18:21 Padded Archer Armor
18:12 Horse Collar
19:24 Scale Mail Armor
19:35 Forging
24:07 Wheelbarrow
23:52 Heavy Plow
28:40 Gold Mining
32:17 Imperial Age
32:18 Bow Saw
32:27 Hand Cart
33:39 Bodkin Arrow
34:00 Leather Archer Armor
34:10 Ballistics
34:50 Chemistry
33:32 Treadmill Crane
33:26 Capped Ram
35:10 Elite Rattan Archer
36:54 Ring Archer Armor
36:25 Bracer
36:53 Arson
37:09 Squires
36:30 Pikeman
39:28 Paper Money
39:20 Halberdier
39:21 Elite Fire Lancer
49:06 Loom
56:21 Iron Casting
58:27 Two-Man Saw
58:03 Crop Rotation
Ananda
13:32 Feudal Age
15:03 Double-Bit Axe
19:22 Gold Mining
22:36 Castle Age
23:25 Stone Mining
24:25 Bow Saw
24:33 Scale Barding Armor
24:40 Forging
25:35 Wheelbarrow
27:31 Husbandry
29:49 Hand Cart
32:32 Chain Barding Armor
36:09 Gold Shaft Mining
36:29 Scale Mail Armor
43:32 Imperial Age
42:51 #83
43:10 Caravan
43:50 Iron Casting
43:04 Arson
43:19 Squires
43:56 Chain Mail Armor
44:05 Cavalier
mouche Qc
11:51 Feudal Age
17:46 Castle Age
16:44 Horse Collar
16:52 Double-Bit Axe
19:38 Heavy Plow
19:50 Bow Saw
20:09 Forging
20:01 Scale Mail Armor
25:13 Wheelbarrow
25:19 Anarchy
26:52 Squires
27:48 Iron Casting
27:28 Chain Mail Armor
28:15 Chain Mail Armor
29:23 Gold Mining
31:47 Caravan
34:28 Imperial Age
36:14 Blast Furnace
36:03 Caravan
37:25 Crop Rotation
36:24 Elite Huskarl
37:56 Hand Cart
49:13 Perfusion
53:07 Capped Ram
mathdevils
12:17 Feudal Age
19:06 Castle Age
18:17 Double-Bit Axe
19:18 Gold Mining
19:19 Stone Mining
21:22 Bow Saw
21:51 Gold Shaft Mining
22:48 Town Watch
25:56 Wheelbarrow
25:46 Loom
27:11 Husbandry
27:44 Hand Cart
31:39 Caravan
32:18 Coinage
32:47 Masonry
32:33 Murder Holes
32:48 Fortified Wall
38:20 Imperial Age
35:55 Town Patrol
38:23 Cavalier
40:42 Chemistry
40:15 Forging
40:05 Scale Mail Armor
40:11 Scale Barding Armor
40:49 Paladin
50:12 Banking
Sory Krank
10:36 Double-Bit Axe
12:28 Feudal Age
11:35 Horse Collar
17:07 Bow Saw
21:00 Castle Age
19:21 Heavy Plow
21:26 Scale Barding Armor
21:25 Scale Mail Armor
21:37 Forging
22:01 Gold Mining
22:04 Stone Mining
21:48 Cavalier
23:41 Pikeman
24:33 Husbandry
25:57 Gold Shaft Mining
26:53 Two-Man Saw
27:25 Squires
30:33 Elite Skirmisher
32:43 Ballistics
36:25 Imperial Age
37:14 Capped Ram
40:40 Wheelbarrow
41:57 Crop Rotation
42:31 Stone Shaft Mining
42:44 Paladin
48:06 Burgundian Vineyards
48:24 Conscription
47:28 Halberdier
48:22 Scale Barding Armor
48:32 Chain Mail Armor
48:53 Iron Casting
49:21 Hand Cart
50:11 Padded Archer Armor
59:26 Chemistry
59:08 Chain Barding Armor
59:18 Plate Mail Armor
59:49 Blast Furnace
59:04 Leather Archer Armor
58:40 Fletching
Connection lost

Rejoining the realm…

Still unreachable

The connection could not be restored.

Session expired

The server has moved on; the page needs a fresh start.